 Dungeon Crawl Stone Soup version 0.30-a0-1116-gebefce21f7 (webtiles) character file.

Game seed: 4515030978261388637

184553 hwolsky the Tortoise (level 17, -1/166 HPs)
             Began as a Minotaur Fighter on Apr 20, 2023.
             Was a High Priest of Okawaru.
             Slain by a quicksilver ooze (8 damage)
             ... on level 4 of the Pits of Slime on Apr 21, 2023.
             The game lasted 01:51:34 (34892 turns).

hwolsky the Tortoise (Minotaur Fighter)            Turns: 34892, Time: 01:51:35

Health: -1/166     AC:  9    Str: 31    XL:     17   Next: 39%
Magic:  0/23       EV: 17    Int:  7    God:    Okawaru [*****.]
Gold:   1040       SH:  0    Dex: 14    Spells: 16/16 levels left

rFire   + . .      SeeInvis .    P - +8 mithril axe "Arga" {speed, Will+}
rCold   + . .      Faith    .    V - +3 buckler of Okawaru, Hurling {rPois}
rNeg    . . .      Spirit   .    R - +1 plate armour {rC+}
rPois   +          Reflect  .    (helmet restricted)
rElec   .          Rampage  .    l - scarf {repulsion}
rCorr   +                        n - +2 pair of gloves {Stlth+}
Will    ++...                    t - +2 pair of slick slippers {slick, slippery, EV+4} Stlth
                                 T - amulet of regeneration
HPRegen 1.27/turn                o - +6 ring of strength
MPRegen 0.18/turn                M - ring "Wiumef" {Drain rCorr EV+5 Dex+4 Slay+4}

@: confused, corroded, studying 2 skills, invisible, repel missiles
A: horns 2, retaliatory headbutt, clumsy 1, deterioration 1, fire resistance 1,
inability to drink after injury 1
}: 1/15 runes: serpentine
a: Renounce Religion, Heroism, Finesse, Duel


You were on level 4 of the Pits of Slime.
You worshipped Okawaru.
Okawaru was extremely pleased with you.
You visited 6 branches of the dungeon, and saw 27 of its levels.
You visited the Abyss 1 time.
You also visited: Sewer.

You collected 3902 gold pieces.
You spent 2862 gold pieces at shops.

Inventory:

Hand Weapons
 P - the +8 mithril axe "Arga" (weapon) {speed, Will+}
   (Okawaru gifted it to you on level 2 of the Abyss)

   Will:      It increases your willpower.
Missiles
 a - a datura-tipped dart (quivered)
 p - 3 silver boomerangs
 q - a silver javelin
 r - 23 boomerangs
 v - a throwing net
 y - 2 boomerangs of dispersal
 D - 3 atropa-tipped darts
 G - 2 curare-tipped darts
 O - 7 javelins
Armour
 l - a scarf of repulsion (worn)
 n - a +2 pair of gloves of stealth (worn)
 t - the +2 pair of slick slippers (worn) {slick, slippery, EV+4}
   (You bought it in a shop on level 1 of the Snake Pit)

   Slick:     Its wearer cannot be constricted, engulfed, netted or webbed.
   Slippery:  Its wearer slips away from damaging melee attacks, pulling the
   attacker onward.
   EV:        It affects your evasion (+4).
 N - a +1 kite shield of fire resistance
 R - a +1 plate armour of cold resistance (worn)
 V - the +3 buckler of Okawaru, Hurling (worn) {rPois}
   (Okawaru gifted it to you on level 2 of the Orcish Mines)

   rPois:     It protects you from poison.
Jewellery
 o - a +6 ring of strength (left hand)
 E - a ring of poison resistance
 F - a ring of see invisible
 L - a ring of protection from fire
 M - the ring "Wiumef" (right hand) {Drain rCorr EV+5 Dex+4 Slay+4}
   (You found it on level 10 of the Dungeon)

   [ring of evasion]

   EV:        It affects your evasion (+5).
   Dex:       It affects your dexterity (+4).
   Slay:      It affects your accuracy & damage with ranged weapons and melee
   (+4).
   rCorr:     It protects you from acid and corrosion.
   Drain:     It drains your maximum health when unequipped.
 T - an amulet of regeneration (around neck)
Wands
 g - a wand of quicksilver (11)
 u - a wand of flame (19)
 A - a wand of paralysis (16)
Scrolls
 h - 4 scrolls of fog
 j - a scroll of poison
 k - 12 scrolls of teleportation
 w - a scroll of enchant weapon
 C - 4 scrolls of magic mapping
 H - 3 scrolls of fear
 I - a scroll of brand weapon
 J - 2 scrolls of amnesia
 K - 12 scrolls of identify
Potions
 b - 3 potions of cancellation
 c - a potion of magic
 d - 2 potions of curing
 e - 4 potions of degeneration
 f - 2 potions of haste
 i - 2 potions of mutation
 m - 8 potions of flight
 s - 3 potions of brilliance
 x - a potion of invisibility
 B - a potion of might
 S - a potion of berserk rage
 U - a potion of ambrosia


   Skills:
 + Level 18.5 Fighting
 - Level 18.0 Axes
 - Level 10.0 Throwing
 + Level 18.6 Armour
 + Level 18.4 Shields
 - Level 10.0 Invocations


You had 16 spell levels left.
You didn't know any spells.
Your spell library contained the following spells:

 Spells                   Type           Power      Damage    Failure   Level
 Beastly Appendage        Tmut           0%         N/A       91%         1
 Poisonous Vapours        Pois/Air       0%         N/A       97%         2
 Static Discharge         Conj/Air       0%         2-2/arc   97%         2
 Wereblood                Tmut           0%         N/A       97%         2
 Inner Flame              Hex/Fire       0%         N/A       100%        3
 Mephitic Cloud           Conj/Pois/Air  0%         N/A       100%        3
 Spider Form              Tmut/Pois      0%         N/A       100%        3
 Vhi's Electric Charge    Tloc/Air       0%         N/A       100%        3
 Airstrike                Air            0%         2d(0-16)  100%        4
 Flame Wave               Conj/Fire      0%         2d4       100%        4
 Manifold Assault         Tloc           0%         N/A       100%        4
 Sticky Flame             Conj/Fire      0%         2d3       100%        4
 Arcjolt                  Conj/Air       0%         1d10      100%        5
 Freezing Cloud           Conj/Ice/Air   0%         6-21      100%        5
 Dispersal                Tloc           0%         N/A       100%        6
 Disjunction              Tloc           0%         N/A       100%        8
 Maxwell's Capacitive Co  Air            0%         ∞         100%        8
 Summon Lightning Spire   Summ/Air       Unusable   N/A       N/A         4

Dungeon Overview and Level Annotations

Branches:
Dungeon (11/15)            Temple (1/1) D:5            Lair (5/5) D:10
 Shoals (0/4) Lair:3        Snake (4/4) Lair:2        Slime (4/5) Lair:5
    Orc (2/2) D:9             Elf (0/3) Orc:2         Sewer (visited)

Altars:
Ashenzari
Cheibriados
Dithmenos
Elyvilon
Fedhas
Gozag
Hepliaklqana
Kikubaaqudgha
Makhleb
Nemelex Xobeh
Okawaru
Qazlal
Ru
Sif Muna
Trog
Uskayaw
Vehumet
Wu Jian
Xom
Yredelemnul
Zin
The Shining One
Jiyva

Shops:
D:1 ?   D:5 (   D:7 **[*(   D:8 *   Orc:2 :!*[   Snake:1 [[[   Snake:3 :

Annotations:
Lair:2 2 transporters


Innate Abilities, Weirdness & Mutations

You have a pair of horns on your head.
You reflexively headbutt those who attack you in melee.
You are clumsy. (Dex -2)
Your body sometimes deteriorates upon taking damage.
Your flesh is heat resistant. (rF+)
You occasionally lose the ability to drink potions when taking damage.


Message History

The golden eye blinks!
The golden eye blinks at you. You resist with almost no effort.
The golden eye blinks at you.
You easily resist.
The quicksilver ooze hits you. The quicksilver ooze hits you!
The great orb of eyes bites you!
The acid blob hits you but does no damage.
The golden eye blinks at you.
You are confused.
You can move again.
You fade into invisibility!
The quicksilver ooze hits you!
The quicksilver ooze hits you but does no damage.
The golden eye blinks at you. x2
The quicksilver ooze hits you. x2
* * * LOW HITPOINT WARNING * * *
The golden eye blinks!
A large slime creature splits.
The great orb of eyes barely misses you.
The acid blob hits you but does no damage.
The golden eye blinks!
You feel much better.
The slime creature quivers.
The acid blob spits acid at you. The splash of acid misses you.
The quicksilver ooze completely misses you.
The quicksilver ooze hits you.
You feel your power leaking away. The golden eye blinks at you.
You are more confused.
The golden eye blinks at you. The acid blob hits you.
You are splashed with acid.
You resist. The great orb of eyes bites you!
A very large slime creature splits.
The acid blob hits you!!
* * * LOW HITPOINT WARNING * * *
You are splashed with acid.
You resist.
* * * LOW HITPOINT WARNING * * *
The quicksilver ooze hits you!
* * * LOW HITPOINT WARNING * * *
The quicksilver ooze hits you!
You die...

###............
##.#............
#...............
#..............
#.........G....
#.#....G...§....
.....#JJJJJ......
......#JJGJ.#..>.
.###.###@JJ..#...
## ##G....#..
##....... .......
....... ......
.... .#.#


You could see 2 acid blobs, a great orb of eyes, a large slime creature (unable
to see you), 5 slime creatures, 2 quicksilver oozes and 3 golden eyes.

Vanquished Creatures
  Vashnia (Snake:4)
  Saint Roka (Orc:2)
  A lich (Abyss:2)
  2 acid blobs
  Mlioglotl (Arena)
  An Executioner (Abyss:2)
  2 rockslimes
  2 azure jellies (Slime:1)
  7 nagarajas
  The ghost of Newt the Pandemonic, a journeyman DsGl of Makhleb (Snake:2)
  An orc warlord (Orc:2)
  Snorg (Lair:4)
  The ghost of themarg the Thaumaturge, a journeyman DsCA of Ignis (Lair:2)
  A great orb of eyes (Slime:1)
  4 hydras
  An ice dragon (Snake:1)
  A boulder beetle (Lair:3)
  13 anacondas
  4 catoblepae (Lair:5)
  The ghost of Indigowrites the Basher, a journeyman GrFi (Arena)
  2 two-headed ogres
  14 death yaks (Lair:5)
  14 naga warriors
  An orc high priest (Arena)
  9 shock serpents
  14 naga sharpshooters
  Sonja (Lair:3)
  2 skysharks
  7 salamander mystics
  A glowing orange brain (Slime:2)
  Amaemon (D:8)
  2 lindwurms (Snake:4)
  7 naga ritualists
  A cyclops (D:11)
  2 manticores (Lair:5)
  23 salamanders
  8 mana vipers
  A shining eye (Slime:1)
  5 orc sorcerers (Orc:2)
  12 guardian serpents
  11 elephants
  17 naga magi
  A smoke demon (Abyss:2)
  43 black mambas
  2 torpor snails (Lair:5)
  23 cane toads
  An orange demon (D:8)
  5 rime drakes
  7 komodo dragons
  6 trolls
  2 polar bears
  Prince Ribbit (D:7)
  9 dream sheep (Lair:5)
  13 blink frogs
  A raiju (Abyss:2)
  40 slime creatures
  A large abomination (Abyss:2)
  A shadow (D:10)
  2 ynoxinuls (Abyss:2)
  6 wyverns
  3 wraiths (D:10)
  57 yaks
  Grum (D:8)
  5 basilisks
  2 small abominations (Abyss:2)
  2 steam dragons
  A neqoxec (Abyss:2)
  43 nagas
  16 water moccasins
  A black bear (Lair:2)
  An ice beast (D:6)
  A sky beast (D:6)
  29 orc warriors
  6 ogres
  The ghost of sampeng1 the Cutter, an amateur HuCK of Xom (D:4)
  4 wolves (D:8)
  4 centaurs
  A phantom (D:5)
  2 kobold brigands
  8 bullfrogs
  3 scorpions
  A wyvern skeleton (D:4)
  12 wights
  4 killer bees (D:9)
  5 howler monkeys
  2 electric eels (Lair:1)
  A bullfrog zombie (D:4)
  3 hounds
  4 jellies
  21 orc priests
  2 gnoll boudas (D:7)
  4 starcursed masses (Abyss:2)
  2 bullfrog skeletons (D:4)
  3 iguanas
  40 orc wizards
  3 sleepcaps
  6 hell rats (Lair:3)
  A sickly merfolk siren (Sewer)
  A malarious merfolk avatar (Sewer)
  10 adders
  14 gnolls
  A howler monkey skeleton (D:4)
  A river rat (Sewer)
  2 white imps
  An ufetubus (Abyss:2)
  3 worms
  3 dart slugs
  86 orcs
  16 ball pythons
  9 endoplasms
  9 giant cockroaches
  11 goblins
  12 hobgoblins
  11 kobolds
  8 quokkas
  8 bats
  7 frilled lizards
  23 rats
  A butterfly (D:6)
  3 plants
911 creatures vanquished.

Vanquished Creatures (collateral kills)
  An orc (Orc:1)
1 creature vanquished.

Vanquished Creatures (others)
  A yak (Lair:5)
  A naga (Snake:4)
  A human (D:3)
  An orc priest (Orc:2)
  An orc wizard (D:11)
  An ufetubus (D:4)
  A kobold (D:8)
  37 fungi
  53 plants
97 creatures vanquished.

Grand Total: 1009 creatures vanquished

Notes
Turn   | Place    | Note
-------+----------+-------------------------------------------
     0 | D:1      | hwolsky the Minotaur Fighter began the quest for the Orb.
     0 | D:1      | Reached XP level 1. HP: 19/19 MP: 0/0
   138 | D:1      | Reached XP level 2. HP: 21/27 MP: 1/1
   391 | D:1      | Found Totaitim's Magic Scroll Emporium.
   850 | D:2      | Reached XP level 3. HP: 33/33 MP: 2/2
  1240 | D:2      | Reached XP level 4. HP: 41/41 MP: 3/3
  2063 | D:3      | Found an ancient bone altar of Kikubaaqudgha.
  2105 | D:3      | Reached XP level 5. HP: 47/47 MP: 4/4
  2396 | D:3      | Reached skill level 5 in Armour
  2403 | D:3      | Noticed a human
  2404 | D:3      | Killed a human
  2468 | D:3      | Reached skill level 5 in Shields
  2898 | D:4      | Reached skill level 5 in Fighting
  2930 | D:4      | Reached XP level 6. HP: 43/56 MP: 5/5
  3149 | D:4      | Reached skill level 5 in Axes
  3224 | D:4      | Found a runed translucent gate.
  3235 | D:4      | Found a runed translucent gate.
  3236 | D:4      | Found a runed translucent gate.
  3242 | D:4      | Noticed sampeng1's ghost (amateur HuCK)
  3577 | D:4      | Reached XP level 7. HP: 61/61 MP: 6/6
  3583 | D:4      | Killed sampeng1's ghost
  3637 | D:5      | Entered Level 5 of the Dungeon
  3659 | D:5      | Found a staircase to the Ecumenical Temple.
  3744 | D:5      | Found a glowing drain.
  3762 | Sewer    | Entered a sewer
  4089 | D:5      | Upgraded the game from 0.30-a0-1114-gd936c97349 to
                  | 0.30-a0-1116-gebefce21f7
  4121 | Temple   | Entered the Ecumenical Temple
  4161 | Temple   | Became a worshipper of Warmaster Okawaru
  4217 | D:5      | Reached XP level 8. HP: 69/70 MP: 7/7
  4513 | D:5      | Found a sparkling altar of Nemelex Xobeh.
  4519 | D:5      | Found a radiant altar of Vehumet.
  4530 | D:5      | Found a burning altar of Makhleb.
  4820 | D:5      | Found Nozaelurr's Antique Weapon Shop.
  5099 | D:6      | Reached * piety under Okawaru
  5312 | D:6      | Identified a scroll of acquirement
  5312 | D:6      | Acquired a manual of Axes
  5376 | D:6      | Found a white marble altar of Elyvilon.
  5512 | D:6      | Noticed a two-headed ogre
  5549 | D:6      | Killed a two-headed ogre
  5549 | D:6      | Reached ** piety under Okawaru
  5550 | D:6      | Reached XP level 9. HP: 35/79 MP: 4/9
  5711 | D:6      | Reached skill level 10 in Axes
  5872 | D:7      | Found Cuipure's Antique Armour Emporium.
  5900 | D:7      | Found a snail-covered altar of Cheibriados.
  5902 | D:7      | Found Lionoice's General Store.
  5978 | D:7      | Noticed Prince Ribbit
  5993 | D:7      | Killed Prince Ribbit
  6435 | D:7      | Found Nyant's Antique Weapon Shoppe.
  6624 | D:7      | Found Ukhaz's General Store.
  6724 | D:7      | Found Baly's Assorted Antiques.
  6729 | D:7      | Bought a scroll labelled ZEOH NEAHUCH for 22 gold pieces
  7074 | D:8      | Reached *** piety under Okawaru
  7090 | D:8      | Found a sacrificial altar of Ru.
  7231 | D:8      | Reached XP level 10. HP: 81/90 MP: 11/11
  7620 | D:8      | Noticed an orange demon
  7620 | D:8      | Noticed Grum
  7626 | D:8      | Noticed Amaemon
  7643 | D:8      | Killed Grum
  7679 | D:8      | Killed Amaemon
  7679 | D:8      | Reached **** piety under Okawaru
  7684 | D:8      | Killed an orange demon
  7686 | D:8      | Reached skill level 5 in Invocations
  8049 | D:8      | Found Ojayzecs's General Store.
  8365 | D:9      | Found a staircase to the Orcish Mines.
  9087 | D:10     | Entered Level 10 of the Dungeon
  9126 | D:10     | Noticed a two-headed ogre
  9134 | D:10     | Killed a two-headed ogre
  9135 | D:10     | Reached skill level 1 in Throwing
  9243 | D:10     | Reached XP level 11. HP: 97/97 MP: 13/13
  9259 | D:10     | Reached skill level 15 in Axes
  9384 | D:10     | Found a staircase to the Lair.
  9645 | D:10     | Found a hide-covered altar of Uskayaw.
  9831 | D:10     | Identified the ring "Wiumef" {Drain rCorr EV+5 Dex+4
                  | Slay+4}
 20284 | Lair:1   | Entered Level 1 of the Lair of Beasts
 20381 | Lair:1   | Reached skill level 10 in Armour
 20389 | Lair:1   | Reached skill level 10 in Shields
 20398 | Lair:1   | Reached skill level 10 in Fighting
 20459 | Lair:1   | Acquired a +1 kite shield of fire resistance
 21129 | Lair:1   | Reached ***** piety under Okawaru
 21255 | Lair:1   | Reached XP level 12. HP: 58/108 MP: 14/14
 22204 | Lair:2   | Found a staircase to the Snake Pit.
 22209 | Lair:2   | Noticed an eight-headed hydra
 22237 | Lair:2   | Killed a 15-headed hydra
 22471 | Lair:2   | Reached skill level 5 in Throwing
 22472 | Lair:2   | Found a transporter.
 22535 | Lair:2   | Found a transporter.
 22535 | Lair:2   | Found a large runed translucent door.
 22536 | Lair:2   | Found a large runed translucent door.
 23185 | Lair:2   | Noticed themarg's ghost (journeyman DsCA)
 23258 | Lair:2   | Killed themarg's ghost
 23483 | Lair:3   | Received a gift from Okawaru
 23555 | Lair:3   | Noticed a boulder beetle
 23577 | Lair:3   | Killed a boulder beetle
 23619 | Lair:3   | Noticed Sonja
 23624 | Abyss:2  | Cast into level 2 of the Abyss (Sonja)
 23699 | Abyss:2  | Noticed a lich
 23726 | Abyss:2  | Killed a lich
 23726 | Abyss:2  | Received a gift from Okawaru
 23757 | Abyss:2  | Noticed a starcursed mass
 23831 | Abyss:2  | Noticed a starcursed mass
 23859 | Abyss:2  | Reached ****** piety under Okawaru
 23861 | Abyss:2  | Received a gift from Okawaru
 23862 | Abyss:2  | Found the +8 mithril axe "Arga" {speed, Will+}
 23892 | Abyss:2  | Reached XP level 13. HP: 95/117 MP: 16/16
 23892 | Abyss:2  | Gained mutation: You are clumsy. (Dex -2) [a neqoxec]
 23908 | Abyss:2  | Gained mutation: You occasionally lose the ability to drink
                  | potions when taking damage. [a neqoxec]
 23936 | Abyss:2  | Noticed an Executioner
 23946 | Abyss:2  | Killed an Executioner
 23954 | Lair:3   | Escaped the Abyss
 23959 | Lair:3   | Killed Sonja
 24340 | Lair:3   | Identified the +3 buckler of the Poles {Harm rC- rCorr
                  | Int+3} (Okawaru gifted it to you on level 3 of the Lair of
                  | Beasts)
 24340 | Lair:3   | Received a gift from Okawaru
 24749 | Lair:3   | Found a staircase to the Shoals.
 24760 | Lair:3   | Acquired 913 gold pieces
 24762 | Lair:3   | Acquired 893 gold pieces
 24977 | Lair:4   | Noticed Snorg
 24983 | Lair:4   | Killed Snorg
 26053 | Lair:5   | Entered Level 5 of the Lair of Beasts
 26282 | Arena    | Entered the Arena
 26507 | Lair:5   | Reached XP level 14. HP: 124/129 MP: 19/19
 26509 | Lair:5   | Identified the +1 battleaxe "Sighiekkui" {elec, *Corrode
                  | Str+3 Dex+3} (Okawaru gifted it to you on level 5 of the
                  | Lair of Beasts)
 26509 | Lair:5   | Received a gift from Okawaru
 26540 | Lair:5   | HP: 6/130 [death yak (18)]
 27251 | Lair:5   | Received a gift from Okawaru
 27334 | Lair:5   | Found a viscous altar of Jiyva.
 27334 | Lair:5   | Found a staircase to the Slime Pits.
 27677 | Lair:5   | Received a gift from Okawaru
 28425 | Orc:1    | Entered Level 1 of the Orcish Mines
 28556 | Orc:1    | You fall into a shaft and drop 1 floor!
 28556 | Orc:2    | Entered Level 2 of the Orcish Mines
 28556 | Orc:2    | Found a staircase to the Elven Halls.
 28788 | Arena    | Entered the Arena
 28811 | Orc:2    | Noticed Indigowrites's ghost (journeyman GrFi)
 28824 | Orc:2    | Reached skill level 10 in Invocations
 28832 | Orc:2    | Found Otuyphopn's Distillery.
 28832 | Orc:2    | Found Caasexoa's Armour Boutique.
 28832 | Orc:2    | Found Ozanost's General Store.
 28848 | Orc:2    | Found Dumoor's Book Shop.
 28851 | Orc:2    | Received a gift from Okawaru
 28853 | Orc:2    | Noticed Saint Roka
 28868 | Orc:2    | Reached skill level 15 in Armour
 28881 | Orc:2    | Killed Saint Roka
 28881 | Orc:2    | Identified the +3 buckler of Okawaru, Hurling {rPois}
                  | (Okawaru gifted it to you on level 2 of the Orcish Mines)
 28881 | Orc:2    | Received a gift from Okawaru
 28885 | Orc:2    | Reached skill level 15 in Shields
 29048 | Orc:2    | Reached skill level 15 in Fighting
 29097 | Orc:2    | Noticed an orc warlord
 29113 | Orc:2    | Killed an orc warlord
 29274 | Orc:2    | Reached XP level 15. HP: 135/141 MP: 21/21
 29409 | Orc:2    | Found a transporter.
 29412 | Orc:2    | Found a transporter.
 29485 | Orc:2    | Found a bloodstained altar of Trog.
 29645 | Arena    | Entered the Arena
 29651 | Arena    | Killed Indigowrites's ghost
 29923 | Snake:1  | Entered Level 1 of the Snake Pit
 30026 | Snake:1  | Identified the +9 flail of Soyne {elec, Int+4 Stlth+}
 30110 | Snake:1  | Found Nuonuqem's Antique Armour Emporium.
 30112 | Snake:1  | Found Linaec Maabb's Antique Armour Shoppe.
 30118 | Snake:1  | Bought a pair of runed boots for 210 gold pieces
 30150 | Snake:1  | Bought the +2 pair of slick slippers {slick, slippery,
                  | EV+4} for 1110 gold pieces
 30150 | Snake:1  | Found the +2 pair of slick slippers {slick, slippery, EV+4}
 30257 | Snake:1  | Found Joplith's Superior Scales.
 30722 | Snake:2  | Identified the +0 ring mail "Gephumo" {Str+4 Int+3}
 31074 | Snake:2  | Received a gift from Okawaru
 31112 | Snake:2  | Found a runed translucent gate.
 31112 | Snake:2  | Found a runed translucent gate.
 31112 | Snake:2  | Found a runed translucent gate.
 31113 | Snake:2  | Noticed Newt's ghost (journeyman DsGl)
 31622 | Snake:2  | Killed Newt's ghost
 31735 | Snake:3  | Received a gift from Okawaru
 31797 | Snake:3  | Noticed a nagaraja
 31816 | Snake:3  | Killed a nagaraja
 31974 | Snake:3  | Noticed Mlioglotl
 31977 | Snake:3  | Noticed a tentacled starspawn
 31980 | Arena    | Entered the Arena
 31988 | Arena    | Killed Mlioglotl
 31988 | Arena    | Received a gift from Okawaru
 31989 | Arena    | Reached XP level 16. HP: 135/152 MP: 8/22
 32092 | Snake:3  | Received a gift from Okawaru
 32159 | Snake:3  | Found Plog's Vocational Training.
 32200 | Snake:3  | Bought a manual of Evocations for 1520 gold pieces
 32248 | Snake:3  | Received a gift from Okawaru
 32657 | Snake:4  | Entered Level 4 of the Snake Pit
 32776 | Snake:4  | Received a gift from Okawaru
 33071 | Arena    | Entered the Arena
 33139 | Snake:4  | Noticed Vashnia
 33191 | Snake:4  | Killed Vashnia
 33562 | Snake:4  | Received a gift from Okawaru
 33780 | Arena    | Entered the Arena
 33808 | Snake:4  | Received a gift from Okawaru
 33930 | Snake:4  | Reached skill level 10 in Throwing
 33936 | Snake:4  | Reached XP level 17. HP: 146/163 MP: 20/23
 33977 | Snake:4  | Got a serpentine rune of Zot
 34209 | Slime:1  | Entered Level 1 of the Pits of Slime
 34246 | Slime:1  | Received a gift from Okawaru
 34250 | Slime:1  | Gained mutation: Your body sometimes deteriorates upon
                  | taking damage. [a shining eye]
 34253 | Slime:1  | Gained mutation: Your flesh is heat resistant. (rF+) [a
                  | shining eye]
 34466 | Slime:2  | Noticed an acid blob
 34487 | Slime:2  | Noticed an acid blob
 34499 | Slime:2  | Killed an acid blob
 34646 | Slime:3  | Noticed an acid blob
 34653 | Slime:3  | Killed an acid blob
 34873 | Slime:4  | Noticed an acid blob
 34880 | Slime:4  | Noticed an acid blob
 34887 | Slime:4  | Paralysed by a great orb of eyes for 3 turns
 34892 | Slime:4  | HP: 7/166 [quicksilver ooze (9)]
 34892 | Slime:4  | Slain by a quicksilver ooze

Illustrated notes

Levels and vault maps discovered:
D:1:      amcnicky_arrival_flooded_fountain, layout_basic, serial_shops,
          nicolae_shop_crystal, feat_on_display
D:2:      layout_basic
D:3:      layout_loops_ring, tgw_kikubaaqudgha, saegor_snake_ambush
D:4:      layout_cave_pools, gammafunk_ghost_necromancy, st_stairs_14
D:5:      layout_basic, minmay_overflow_temple_star_quad,
          minmay_temple_entry_junction_2, portal_sewer_entry_f,
          kennysheep_small_circle
D:6:      layout_rooms, nicolae_elyvilon_peaceful_grove
D:7:      layout_loops_ring, cheibriados_altar_1, serial_shops,
          nicolae_shop_tiny_glass, nicolae_shop_pleasant_corner_grove,
          nicolae_shop_crystal, shop, shop, feat_on_display, uniq_prince_ribbit1
D:8:      layout_rooms, nicolae_ru_awakened_eye, serial_shops, shop, uniq_grum,
          uniq_amaemon
D:9:      nicolae_cairo_tiling_very_big, layout_loops_ring, david_orc_2
D:10:     layout_irregular_city, mainiacjoe_overflow_alcove_4, lair_entry_dummy,
          minmay_misc_feat_rugged, corner_web_ring
D:11:     layout_cave_pools, due_unseen_surprise
Temple:   nicolae_temple_ecumenical_triangle
Lair:1:   layout_regular_city, beast_lair_carwin_6, infiniplex_staircase_pool_2,
          grunt_megastairs_5, serial_bayou_shore_a, lemuel_fruit_tree
Lair:2:   gammafunk_worm_tunnel, layout_regular_city,
          guppyfry_snake_entry_island, ebering_ghost_disaster_area,
          beast_lair_carwin_7
Lair:3:   layout_regular_city, shoals_dummy_entry, nicolae_quartered_pool_super,
          infiniplex_staircase_pool, uniq_sonja
Lair:4:   layout_regular_city, uniq_snorg
Lair:5:   evilmike_catoblepas_cave, layout_loops_ring,
          minmay_slime_entry_pillars, serial_rivers,
          chequers_serial_rivers_small_b, chequers_serial_rivers_room_b,
          chequers_serial_rivers_small_b, chequers_serial_rivers_micro_e,
          minivault_26
Snake:1:  layout_rooms, nicolae_snake_gridmaze_tees, hellmonk_scale_shop,
          minmay_shoptagon
Snake:2:  layout_cave_town, ebering_ghost_rock_garden
Snake:3:  layout_misc_corridors, nicolae_shop_vocational, uniq_mlioglotl
Snake:4:  snake_pit_salamanders_mu, layout_cave_town, uniq_vashnia
Slime:1:  layout_caves
Slime:2:  layout_caves
Slime:3:  layout_caves
Slime:4:  layout_caves
Orc:1:    layout_caves, serial_shops, shop
Orc:2:    st_orc_mages, layout_caves, gammafunk_ghost_arena, basic_altar,
          uniq_saint_roka

Skill      XL: |  1  2  3  4  5  6  7  8  9 10 11 12 13 14 15 16 17 |
---------------+----------------------------------------------------+-----
Shields        | 4 5 6 7 8 9 10 12 13 15 16 17 18 | 18.4
Armour         | 4 5 6 7 8 9 10 12 13 15 16 17 18 | 18.6
Fighting       | 4 5 6 7 8 9 10 11 13 15 16 17 18 | 18.5
Axes           | 3 4 5 6 9 12 14 17 18 | 18.0
Invocations    | 2 3 5 6 8 10 | 10.0
Throwing       | 1 4 5 7 10 | 10.0

Action                     |  1- 3 |  4- 6 |  7- 9 | 10-12 | 13-15 | 16-18 || total
---------------------------+-------+-------+-------+-------+-------+-------++-------
  Melee: War axe           |    75 |   151 |   284 |   498 |       |       ||  1008
         Headbutt          |     5 |    29 |    57 |   120 |   219 |   131 ||   561
         Unarmed           |       |       |     6 |       |       |       ||     6
         Broad axe         |       |       |       |     6 |   835 |   467 ||  1308
  Throw: Boomerang         |       |       |     5 |    32 |    90 |     4 ||   131
         Javelin           |       |       |       |       |    47 |       ||    47
         Dart              |       |       |       |       |     5 |     7 ||    12
 Invoke: Heroism           |       |       |     4 |    10 |    13 |     9 ||    36
         Finesse           |       |       |       |     1 |     7 |     1 ||     9
         Duel              |       |       |       |       |     4 |     2 ||     6
    Use: Scroll            |     3 |     6 |    10 |     9 |     5 |     1 ||    34
         Potion            |     3 |     6 |     7 |     8 |     4 |     7 ||    35
   Stab: Petrified         |       |       |       |       |     4 |       ||     4
         Petrifying        |       |       |       |       |     1 |       ||     1
 Armour: Scale mail        |    52 |    61 |   135 |    56 |       |       ||   304
         Skin              |       |       |     2 |       |       |       ||     2
         Plate armour      |       |       |       |   135 |   228 |   100 ||   463
  Dodge: Dodged            |    39 |    88 |   132 |   173 |   242 |   217 ||   891
         Repelled          |       |     4 |     4 |     4 |    22 |    26 ||    60
  Block: Buckler           |    25 |    44 |    68 |    67 |    92 |   169 ||   465
         Kite shield       |       |       |       |   111 |   218 |       ||   329

Table legend: (Time is in decaauts)
 A = Elapsed time spent in this place.
 B = Non-inter-level travel time spent in this place.
 C = Inter-level travel time spent in this place.
 D = Time resting spent in this place.
 E = Time spent auto-exploring this place.
 F = Levels seen in this place.
 G = Mean time per level.
                   A        B        C        D        E       F      G
               +--------+--------+--------+--------+--------+-----+--------+
         Total |  34440 |  33315 |   1125 |  12243 |  14262 |  35 |  984.0 |
       Dungeon |  20080 |  19730 |    350 |  11070 |   6033 |  11 | 1825.5 |
        Temple |     49 |     40 |      9 |      0 |     30 |   1 |   49.0 |
          Lair |   7741 |   7321 |    420 |   1016 |   4617 |   5 | 1548.2 |
     Snake Pit |   3810 |   3583 |    227 |    121 |   2244 |   4 |  952.5 |
    Slime Pits |    630 |    591 |     39 |      0 |    413 |   4 |  157.5 |
  Orcish Mines |   1300 |   1222 |     78 |     28 |    652 |   2 |  650.0 |
         Abyss |    368 |    368 |      0 |      0 |    154 |   1 |  368.0 |
         Sewer |    383 |    383 |      0 |      0 |    118 |   1 |  383.0 |
         Arena |     76 |     76 |      0 |      8 |      0 |   6 |   12.7 |
               +--------+--------+--------+--------+--------+-----+--------+

Top non-repeatable levels by time:
    D:10: 11134 daAuts
  Lair:5: 1846 daAuts
  Lair:2: 1611 daAuts
  Lair:1: 1558 daAuts
  Lair:4: 1407 daAuts
  Lair:3: 1317 daAuts
 Snake:4: 1236 daAuts
     D:2: 1160 daAuts
     D:8: 1115 daAuts
     D:7: 1088 daAuts
     D:5: 1029 daAuts
     D:9: 1005 daAuts
 Snake:2: 977 daAuts
   Orc:2: 964 daAuts
     D:3: 932 daAuts
